 Dungeon Crawl Stone Soup version 0.28.0-45-g0d030f2227 (webtiles) character file.

Game seed: 7735145340617657436

186 Ablot the Cutter (level 5, -2/47 HPs)
             Began as a Gnoll Chaos Knight on Apr 23, 2022.
             Was a Plaything of Xom.
             Succumbed to an orc wizard's poison
             ... on level 3 of the Dungeon.
             The game lasted 00:03:31 (2432 turns).

Ablot the Cutter (Gnoll Chaos Knight)               Turns: 2432, Time: 00:03:32

Health: -2/47      AC:  5    Str: 15    XL:     5   Next: 65%
Magic:  7/7        EV: 13    Int: 11    God:    Xom [.....*]
Gold:   56         SH:  0    Dex: 18    Spells: 7/7 levels left

rFire   . . .      SeeInvis .   a - +0 short sword (chaos)
rCold   . . .      Faith    .   (no shield)
rNeg    . . .      Spirit   .   b - +2 leather armour
rPois   .          Reflect  .   (no helmet)
rElec   .          Harm     .   i - scarf {repulsion}
rCorr   .          Rampage  .   (no gloves)
Will    .....                   (no boots)
Stlth   ++........              (no amulet)
HPRegen 0.15/turn               g - +6 ring of dexterity
MPRegen 0.10/turn               (no ring)

@: brilliant, lethally poisoned (-2 -> -16), repel missiles
A: fangs 1, strong nose, distributed training, strong 1, wild magic 1
a: Renounce Religion


You were on level 3 of the Dungeon.
You worshipped Xom.
You were Xom's teddy bear.
You visited 1 branch of the dungeon, and saw 3 of its levels.

You collected 56 gold pieces.

Inventory:

Hand Weapons
 a - a +0 short sword of chaos (weapon)
Missiles
 c - 48 stones
 d - 2 atropa-tipped darts (quivered)
 m - 12 bolts
 n - 31 sling bullets
Armour
 b - a +2 leather armour (worn)
 i - a scarf of repulsion (worn)
 q - a +2 buckler
Jewellery
 g - a +6 ring of dexterity (left hand)
Scrolls
 e - a scroll of enchant weapon {unknown}
 f - 4 scrolls of identify {unknown}
 k - a scroll of magic mapping {unknown}
 o - a scroll of immolation {unknown}
 r - a scroll of fear {unknown}
Potions
 j - a potion of heal wounds {unknown}
 l - a potion of magic
 p - a potion of invisibility {unknown}


   Skills:
 + Level 6.7 Fighting
 + Level 6.7 Short Blades
 + Level 1.6 Long Blades
 + Level 1.6 Axes
 + Level 1.6 Maces & Flails
 + Level 1.6 Polearms
 + Level 1.6 Staves
 + Level 1.6 Slings
 + Level 1.6 Bows
 + Level 1.6 Crossbows
 + Level 1.6 Throwing
 + Level 4.8 Armour
 + Level 3.0 Dodging
 + Level 1.6 Stealth
 + Level 1.6 Shields
 + Level 1.6 Unarmed Combat
 + Level 1.6 Spellcasting
 + Level 1.2 Conjurations
 + Level 1.2 Hexes
 + Level 1.2 Summonings
 + Level 1.2 Necromancy
 + Level 1.2 Translocations
 + Level 1.2 Transmutations
 + Level 1.2 Fire Magic
 + Level 1.2 Ice Magic
 + Level 1.2 Air Magic
 + Level 1.2 Earth Magic
 + Level 1.2 Poison Magic
 + Level 1.8 Invocations
 + Level 1.6 Evocations


You had 7 spell levels left.
You didn't know any spells.
Your spell library contained the following spells:

 Spells                   Type           Power      Damage    Failure   Level
 Magic Dart               Conj           28%        1d4       30%         1
 Ignite Poison            Fire/Tmut/Pois 7%         N/A       63%         3
 Animate Armour           Summ/Erth      14%        N/A       95%         4
 Fulminant Prism          Conj/Hex       3%         3d6       95%         4
 Blade Hands              Tmut           3%         N/A       100%        5
 Freezing Cloud           Conj/Ice/Air   3%         6-21      100%        5
 Iskenderun's Battlesphe  Conj           7%         2d6       100%        5
 Iron Shot                Conj/Erth      3%         9d2       100%        6


Dungeon Overview and Level Annotations

Branches:
Dungeon (3/15)

Altars:
Nemelex Xobeh

Annotations:
D:3 exclusion: ogre


Innate Abilities, Weirdness & Mutations

You have very sharp teeth.
Your uncanny sense of smell can sniff out nearby items.
Your experience applies equally to all skills.
Your muscles are strong. (Str +2)
Your spells are a little harder to cast, but a little more powerful.


Message History

Your orc priest zombie barely misses the orc wizard.
You miss the orc wizard. Your bite misses the orc wizard.
The orc wizard is moderately wounded.
The orc wizard hits you with a +1 dagger of venom.
You are poisoned.
Your orc priest zombie barely misses the orc wizard.
The orc wizard casts a spell at you. The magic dart hits you.
You barely miss the orc wizard.
The orc wizard is moderately wounded.
You feel very sick.
The howler monkey skeleton hits your orc priest zombie.
Your orc priest zombie hits the orc wizard but does no damage.
You closely miss the orc wizard.
The orc wizard is moderately wounded.
You feel sick.
The orc wizard hits you with a +1 dagger of venom.
* * * LOW HITPOINT WARNING * * *
You are lethally poisoned!
The orc wizard hits you but does no damage.
You barely miss the orc wizard.
The orc wizard is moderately wounded.
* * * LOW HITPOINT WARNING * * *
You feel very sick.
The howler monkey skeleton hits your orc priest zombie.
Your orc priest zombie barely misses the orc wizard.
The orc wizard points at you and mumbles some strange words.
The magic dart hits you.
* * * LOW HITPOINT WARNING * * *
It was a potion of magic.
Magic courses through your body.
Xom thinks this is hilarious!
* * * LOW HITPOINT WARNING * * *
You feel very sick. The orc wizard completely misses you.
The howler monkey skeleton hits your orc priest zombie.
Your orc priest zombie hits the howler monkey skeleton.
It was a potion of brilliance.
You feel clever all of a sudden.
You die...
Xom thinks this is hilarious!

.. .# # # # ∆ ## #.#.
.# #.## ....#####
#.##...# ........#
#.#.....
........#####......
.......o##....#..[.
......Zo@......# .#
.>.....Z##.†#..##.###
........##.#........#
...(......###..##.#.
..(#.#####.#.#.##.#
...). ###...†....#
...# #............ #.
####.#.###.####..
#....#..# .#


K You could see 2 orc wizards, a howler monkey skeleton (ally target) and a
friendly orc priest zombie.

Vanquished Creatures
  An orc priest (D:3)
  6 adders
  An adder skeleton (D:2)
  A dart slug (D:2)
  3 orcs (D:3)
  2 endoplasms
  2 giant cockroaches
  3 goblins (D:2)
  4 hobgoblins
  2 jackals (D:2)
  3 kobolds
  2 quokkas
  9 ball pythons
  6 bats
  4 frilled lizards
  13 rats
62 creatures vanquished.

Vanquished Creatures (collateral kills)
  Terence (D:3)
  An adder (D:3)
  A bat (D:3)
  A frilled lizard (D:3)
4 creatures vanquished.

Vanquished Creatures (others)
  9 plants (D:2)
9 creatures vanquished.

Grand Total: 75 creatures vanquished

Notes
Turn   | Place    | Note
-------+----------+-------------------------------------------
     0 | D:1      | Ablot the Gnoll Chaos Knight began the quest for the Orb.
     0 | D:1      | Reached XP level 1. HP: 23/23 MP: 1/1
   235 | D:1      | Found a faded altar of an unknown god.
   434 | D:1      | Got Sif Muna's Grimoire of the Harmful Arsonist
   436 | D:1      | XOM: cloud trail
   493 | D:1      | Paralysed by you for 6 turns
   585 | D:1      | Reached XP level 2. HP: 29/29 MP: 2/2
   711 | D:2      | HP: 1/29 [adder (4)]
   785 | D:2      | XOM: god gift: amethyst potion {god gift}
  1043 | D:2      | Reached XP level 3. HP: 35/35 MP: 3/3
  1221 | D:2      | XOM: cloud trail
  1258 | D:2      | Reached skill level 1 in Invocations
  1415 | D:2      | Reached skill level 1 in Long Blades
  1415 | D:2      | Reached skill level 1 in Axes
  1415 | D:2      | Reached skill level 1 in Maces & Flails
  1415 | D:2      | Reached skill level 1 in Polearms
  1415 | D:2      | Reached skill level 1 in Staves
  1415 | D:2      | Reached skill level 1 in Slings
  1415 | D:2      | Reached skill level 1 in Bows
  1415 | D:2      | Reached skill level 1 in Crossbows
  1415 | D:2      | Reached skill level 1 in Throwing
  1415 | D:2      | Reached skill level 1 in Stealth
  1415 | D:2      | Reached skill level 1 in Shields
  1415 | D:2      | Reached skill level 1 in Unarmed Combat
  1415 | D:2      | Reached skill level 1 in Spellcasting
  1415 | D:2      | Reached skill level 1 in Evocations
  1415 | D:2      | Found a sparkling altar of Nemelex Xobeh.
  1474 | D:2      | XOM: give mutations
  1474 | D:2      | Gained mutation: Your spells are a little harder to cast,
                  | but a little more powerful. [Xom's grace]
  1474 | D:2      | Gained mutation: Your muscles are strong. (Str +2) [Xom's
                  | grace]
  1492 | D:2      | Reached XP level 4. HP: 33/41 MP: 5/5
  1628 | D:2      | XOM: divination: detect creatures
  1803 | D:2      | XOM: god gift: 11 stones
  1910 | D:2      | XOM: confuse monster(s)
  1962 | D:3      | Noticed Terence
  1969 | D:3      | Killed Terence
  1970 | D:3      | Reached skill level 1 in Conjurations
  1970 | D:3      | Reached skill level 1 in Hexes
  1970 | D:3      | Reached skill level 1 in Summonings
  1970 | D:3      | Reached skill level 1 in Necromancy
  1970 | D:3      | Reached skill level 1 in Translocations
  1970 | D:3      | Reached skill level 1 in Transmutations
  1970 | D:3      | Reached skill level 1 in Fire Magic
  1970 | D:3      | Reached skill level 1 in Ice Magic
  1970 | D:3      | Reached skill level 1 in Air Magic
  1970 | D:3      | Reached skill level 1 in Earth Magic
  1970 | D:3      | Reached skill level 1 in Poison Magic
  2040 | D:3      | Reached XP level 5. HP: 47/47 MP: 6/6
  2276 | D:3      | Noticed an ogre
  2415 | D:3      | XOM: enchant monster (good)
  2431 | D:3      | HP: 2/47 [poisoned by an orc wizard]
  2432 | D:3      | Succumbed to an orc wizard's poison

Illustrated notes

Levels and vault maps discovered:
D:1:      minmay_arrival_shattered_statue, layout_basic,
          ebering_ecumenical_altar_mist
D:2:      layout_basic, serial_forest, infiniplex_forest_clump_double,
          infiniplex_forest_clump_long, infiniplex_forest_clump_tiny,
          infiniplex_forest_end_2, infiniplex_forest_corner_2, basic_altar,
          grunt_ministairs_9, chequers_decorated_corner, serial_bayou_pond_c
D:3:      layout_loops_ring, uniq_terence

Skill      XL: |  1  2  3  4  5 |
---------------+----------------+-----
Invocations    | 1 |  1.8
Long Blades    | 1 |  1.6
Axes           | 1 |  1.6
Maces & Flails | 1 |  1.6
Polearms       | 1 |  1.6
Staves         | 1 |  1.6
Slings         | 1 |  1.6
Bows           | 1 |  1.6
Crossbows      | 1 |  1.6
Throwing       | 1 |  1.6
Stealth        | 1 |  1.6
Shields        | 1 |  1.6
Unarmed Combat | 1 |  1.6
Spellcasting   | 1 |  1.6
Evocations     | 1 |  1.6
Conjurations   | 1 |  1.2
Hexes          | 1 |  1.2
Summonings     | 1 |  1.2
Necromancy     | 1 |  1.2
Translocations | 1 |  1.2
Transmutations | 1 |  1.2
Fire Magic     | 1 |  1.2
Ice Magic      | 1 |  1.2
Air Magic      | 1 |  1.2
Earth Magic    | 1 |  1.2
Poison Magic   | 1 |  1.2
Dodging        | 3 |  3.0
Fighting       | |  6.7
Short Blades   | |  6.7
Armour         | |  4.8

Action                   |  1- 3 |  4- 6 || total
-------------------------+-------+-------++-------
Melee: Short sword       |   103 |   103 ||   206
       Bite              |     4 |     9 ||    13
       Punch             |     1 |     1 ||     2
  Use: Potion            |       |     2 ||     2
 Stab: Sleeping          |       |     2 ||     2
Armor: Leather armour    |    40 |    23 ||    63
Dodge: Dodged            |    74 |    63 ||   137
       Repelled          |       |     2 ||     2
